 Dungeon Crawl Stone Soup version 0.20.1-1-g8b1a95d (webtiles) character file.

51 MBI the Charmwright (level 3, -2/29 HPs)
             Began as a Demigod Skald on Aug 5, 2017.
             Slain by a worker ant (6 damage)
             ... on level 2 of the Dungeon.
             The game lasted 00:08:46 (1717 turns).

MBI the Charmwright (Demigod Skald)                 Turns: 1717, Time: 00:08:47

Health: -2/29      AC:  4    Str: 16    XL:     3   Next: 38%
Magic:  4/8        EV: 12    Int: 17    God:
Gold:   165        SH:  0    Dex: 15    Spells: 2/5 levels left

rFire    . . .     SeeInvis .   a - +0 spear
rCold    . . .     Gourm    .   (no shield)
rNeg     . . .     Faith    .   b - +0 leather armour
rPois    .         Spirit   .   (no helmet)
rElec    .         Reflect  .   k - +0 cloak
rCorr    .         Harm     .   (no gloves)
MR       .....                  (no boots)
Stlth    +.........             (no amulet)
Regen    0.1/turn               (no ring)
MPRegen  0.2/turn               (no ring)

@: lethally poisoned (-2 -> -17), infused, singing
A: high mp 1
a: no special abilities


You were on level 2 of the Dungeon.
You were not hungry.

You visited 1 branch of the dungeon, and saw 2 of its levels.

You collected 165 gold pieces.

Inventory:

Hand Weapons
 a - a +0 spear (weapon)
Armour
 b - a +0 leather armour (worn)
 k - a +0 cloak (worn)
Wands
 o - a wand of scattershot (6/9)
Scrolls
 e - 3 scrolls of identify {unknown}
 g - a scroll of blinking {unknown}
 h - a scroll of immolation {unknown}
 i - a scroll of enchant armour {unknown}
 j - a scroll of magic mapping {unknown}
 l - a scroll of random uselessness {unknown}
Potions
 m - a potion of heal wounds {unknown}
 n - a potion of mutation {unknown}
Books
 c - a book of Battle

   Spells                             Type                      Level
   a - Infusion                       Charms                       1
   b - Shroud of Golubria             Charms/Translocation         2
   c - Song of Slaying                Charms                       2
   d - Spectral Weapon                Hexes/Charms                 3
   e - Regeneration                   Charms/Necromancy            3
Comestibles
 f - 2 royal jellies


   Skills:
 + Level 2.2 Fighting
 + Level 2.2 Polearms
 + Level 1.6 Armour
 + Level 1.9 Dodging
 + Level 1.9 Spellcasting
 + Level 3.0 Charms


You had 2 spell levels left.
You knew the following spells:

 Your Spells              Type           Power        Failure   Level  Hunger
a - Infusion              Chrm           ##..         7%          1    #......
b - Song of Slaying       Chrm           ##......     11%         2    ###....


Dungeon Overview and Level Annotations

Branches:
Dungeon (2/15)


Innate Abilities, Weirdness & Mutations

You have an increased reservoir of magic. (+10% MP)


Message History

Reactivating autopickup.
The worker ant misses you.
You hit the worker ant.
The worker ant is severely wounded.
The worker ant bites you.
You are poisoned.
The worker ant poisons you!
You hit the worker ant.
The worker ant is almost dead.
You feel sick. The worker ant bites you.
* * * LOW HITPOINT WARNING * * *
You are more poisoned.
The worker ant poisons you!
* * * LOW HITPOINT WARNING * * *
You feel sick.
There is a transporter here.
You enter the transporter and appear at another place.
* * * LOW HITPOINT WARNING * * *
You feel sick. The worker ant bites you.
You die...

....>.....####..###)# #..#
#########.##..(.....#####..#
# ##...........##........##
####..#########..#.########
.....##......!##.#.#
..##.#8.##.##.8#.#.#
#..#.#..##.##$$#.#.#
##...#.....).!(#...#
#).©#....Yh.$_#@..#
##.(#.....K.?.#a.##
##.#..##S##)$#.##
#.#8.##.##[8#.#
#.##...©...##.#
#..#########..#
##...........##
#############


You could see a sky beast, a hound, a worker ant, an adder and a kobold.

Vanquished Creatures
  2 worms (D:2)
  2 dart slugs (D:2)
  A leopard gecko (D:1)
  7 bats
  A giant cockroach (D:1)
  3 goblins (D:2)
  7 hobgoblins
  2 jackals (D:2)
  6 kobolds
  5 frilled lizards
  3 rats
39 creatures vanquished.

Notes
Turn   | Place    | Note
-------+----------+-------------------------------------------
     0 | D:1      | MBI the Demigod Skald began the quest for the Orb.
     0 | D:1      | Reached XP level 1. HP: 17/17 MP: 5/5
   194 | D:1      | Reached skill level 1 in Armour
   249 | D:1      | Reached skill level 3 in Charms
   382 | D:1      | Reached XP level 2. HP: 24/24 MP: 7/7
   630 | D:1      | Learned a level 2 spell: Song of Slaying
   852 | D:2      | Noticed a sky beast
   853 | D:2      | Found a sparkling altar of Nemelex Xobeh.
   859 | D:2      | Found a transporter.
   877 | D:2      | Found a transporter.
  1104 | D:2      | Reached XP level 3. HP: 29/29 MP: 8/8
  1196 | D:2      | Found a white marble altar of Elyvilon.
  1717 | D:2      | Slain by a worker ant

Skill      XL: |  1  2 |
---------------+-------+-----
Armour         | 1 |  1.6
Charms         | 3 |  3.0
Fighting       | 2 |  2.2
Polearms       | 2 |  2.2
Dodging        | |  1.9
Spellcasting   | |  1.9

Action                   || total
-------------------------++-------
Melee: Spear             ||   206
 Cast: Infusion          ||     2
       Song of Slaying   ||     1
 Stab: Sleeping          ||     2
  Eat: Chunk             ||     2
       Bread ration      ||     1
Armor: Leather armour    ||    43
Dodge: Dodged            ||   124
